 Dungeon Crawl Stone Soup version 0.29.0-4-gdea44cf6ec (webtiles) character file.

Game seed: 4861617010654239548

2492 qw the Cleaver (level 9, 0/57 HPs)
             Began as a Gargoyle Berserker on Sept 8, 2022.
             Was a Priest of Trog.
             Slain by a sky beast (2 damage)
             ... on level 7 of the Dungeon.
             The game lasted 00:02:46 (7686 turns).

qw the Cleaver (Gargoyle Berserker)                 Turns: 7686, Time: 00:02:47

Health: 0/57       AC: 17    Str: 26    XL:     9   Next: 52%
Magic:  9/9        EV:  9    Int:  7    God:    Trog [***...]
Gold:   93         SH:  0    Dex:  9    Spells: 8/8 levels left

rFire   . . .      SeeInvis .   h - +1 broad axe (elec)
rCold   . . .      Faith    .   (no shield)
rNeg    + . .      Spirit   .   g - +0 chain mail
rPois   inf        Reflect  .   j - +0 helmet
rElec   +          Harm     .   (no cloak)
rCorr   .          Rampage  .   (no gloves)
Will    .....                   (no boots)
Stlth   ..........              b - amulet of the acrobat
HPRegen 0.19/turn               (no ring)
MPRegen 0.11/turn               (no ring)

@: on berserk cooldown, slowed, very slow
A: sickness immunity, AC +6, negative energy resistance 1, electricity
resistance, torment resistance 1, petrification resistance, claws 1, sturdy
frame 1
a: Renounce Religion, Berserk, Trog's Hand


You were on level 7 of the Dungeon.
You worshipped Trog.
Trog was most pleased with you.
You visited 1 branch of the dungeon, and saw 7 of its levels.

You collected 314 gold pieces.
You spent 221 gold pieces at shops.


Innate Abilities, Weirdness & Mutations

You are immune to sickness and miasma.
Your stone body is resilient. (AC +6)
You are immune to poison.
You resist negative energy. (rN+)
You are resistant to electric shocks. (rElec)
You are resistant to unholy torment.
You are immune to petrification.
You have sharp fingernails.
Your movements are slightly less encumbered by armour. (ER -2)


   Skills:
 - Level 7.2 Fighting
 + Level 9.5 Axes
 - Level 2.2 Throwing
 - Level 5.1 Armour
 - Level 1.5 Dodging


You had 8 spell levels left.
You didn't know any spells.
Your spell library was empty.

Inventory:

Hand Weapons
 h - a +1 broad axe of electrocution (weapon)
 l - a +0 morningstar
Missiles
 f - 2 boomerangs of dispersal (quivered)
Armour
 g - a +0 chain mail (worn)
 j - a +0 helmet (worn)
Jewellery
 b - an amulet of the acrobat (around neck)
 k - a ring of flight
Scrolls
 a - a scroll of identify
 d - a scroll of enchant armour {unknown}
Potions
 c - 2 potions of curing
 e - a potion of resistance {unknown}
 i - 2 potions of haste

Dungeon Overview and Level Annotations

Branches:
Dungeon (7/15)             Temple (0/1) D:4

Altars:
Gozag
Trog
Xom
Yredelemnul

Shops:
D:6 (

Annotations:
D:3 1 runed translucent door, Crazy Yiuf
D:7 Menkaure


Message History

Things that are here:
a +0 hand axe; a +0 scale mail; an orc corpse You feel a strong urge to attack something.
The centaur unwields a +0 short sword.
The centaur wields a +0 shortbow.
The centaur shoots an arrow.
The arrow closely misses you.
You hear a shout!
A sky beast comes into view.
You are no longer berserk.
You are exhausted.
You feel yourself slow down.
Menkaure, Prince of Dust comes into view.
The centaur shoots an arrow.
The arrow misses you.
The centaur unwields a +0 shortbow.
The centaur wields a +0 short sword.
The centaur hits you but does no damage.
The centaur barely misses you.
The sky beast hits you but does no damage.
Menkaure blazes with dark energy!
Menkaure mumbles some strange words.
Menkaure seems to speed up.
The centaur closely misses you. The centaur kicks you.
You miss the sky beast. You slash the centaur!
The centaur hits you with a +0 short sword.
The centaur barely misses you.
The sky beast flickers out of sight!
Deactivating autopickup; reactivate with Ctrl-A.
Something hits you but does no damage.
The centaur hits you but does no damage.
The centaur kicks you but does no damage.
Something hits you but does no damage.
You completely miss the centaur.
The centaur is severely wounded.
You completely miss something.
The centaur hits you but does no damage.
The centaur kicks you but does no damage.
The centaur closely misses you.
The centaur kicks you but does no damage.
Something hits you but does no damage.
The centaur hits you but does no damage.
The centaur kicks you but does no damage.
Something hits you. Something shocks you. You resist.
You die...

... #...# #..........
...###...###...####...
#........)......###..
........))....#...#..
#.......))).#..##.#.. .
.###..)###.##..#.... #..
#...# #.###......
#....###...###.# #......
#.....{@.......###..##..
#.....c.....#.###.......
.......M....#...########
##..........# .#
#............. #
#..#..........#
#..............
..##.........##


You could see Menkaure (fast) and a centaur.

Vanquished Creatures
  Prince Ribbit (D:6)
  Sigmund (D:5)
  A water moccasin (D:7)
  Duvessa (D:6)
  A black bear (D:5)
  An ogre (D:6)
  2 orc warriors (D:7)
  A sky beast (D:7)
  A centaur (D:7)
  2 scorpions
  5 wights (D:7)
  Dowan (D:6)
  2 howler monkeys (D:7)
  4 crimson imps (D:3)
  5 orc priests
  2 hounds
  3 jellies
  2 iguanas
  6 orc wizards
  Robin (D:4)
  10 adders
  A shadow imp (D:5)
  A white imp (D:5)
  An ufetubus (D:5)
  2 worms
  3 dart slugs
  31 orcs
  6 ball pythons
  3 endoplasms
  3 giant cockroaches
  5 hobgoblins
  8 jackals
  2 quokkas (D:1)
  3 bats
  3 frilled lizards
  18 goblins
  10 kobolds
  7 rats
160 creatures vanquished.

Notes
Turn   | Place    | Note
-------+----------+-------------------------------------------
     0 | D:1      | qw the Gargoyle Berserker began the quest for the Orb.
     0 | D:1      | Reached XP level 1. HP: 14/14 MP: 1/1
     0 | D:1      | 0 ||| qw: Version: 0.1-a-111-g1c1fd2e
     0 | D:1      | 0 ||| qw: Game counter: 6601
     0 | D:1      | 0 ||| qw: Always use a shield: true
     0 | D:1      | 0 ||| qw: Do Orc after D:15 true
     0 | D:1      | 0 ||| qw: Do second Lair branch before Depths: true
     0 | D:1      | 0 ||| qw: Lair rune preference: random
     0 | D:1      | 0 ||| qw: Plans: Normal
     0 | D:1      | 0 ||| PLANNING D:1-11
    50 | D:1      | 50 ||| Stepping ~*~*~tactically~*~*~ (stealth).
   167 | D:1      | Reached skill level 3 in Axes
   255 | D:1      | Reached XP level 2. HP: 19/19 MP: 2/2
   448 | D:1      | 448 ||| DROPPING +0 club.
   461 | D:1      | 461 ||| Stepping ~*~*~tactically~*~*~ (stealth).
   464 | D:1      | 464 ||| Stepping ~*~*~tactically~*~*~ (stealth).
   477 | D:1      | 477 ||| Stepping ~*~*~tactically~*~*~ (stealth).
   877 | D:1      | 877 ||| Stepping ~*~*~tactically~*~*~ (stealth).
   878 | D:1      | 878 ||| DROPPING +0 vorpal mace.
   881 | D:1      | 881 ||| Stepping ~*~*~tactically~*~*~ (stealth).
   895 | D:1      | 895 ||| INVOKING Berserk.
   897 | D:1      | Reached XP level 3. HP: 14/23 MP: 3/3
   954 | D:1      | 954 ||| Stepping ~*~*~tactically~*~*~ (stealth).
   964 | D:1      | 964 ||| Stepping ~*~*~tactically~*~*~ (stealth).
  1174 | D:1      | 1174 ||| READING 2 scrolls labelled ELANAGO ORIX.
  1175 | D:1      | 1175 ||| READING scroll labelled HIEGHI MUURIEJ.
  1176 | D:1      | 1176 ||| READING scroll labelled HAGATO MUUFI.
  1179 | D:1      | 1179 ||| READING 2 scrolls labelled DAJOOC ETRAMP.
  1180 | D:1      | 1180 ||| READING scroll labelled PALIOT OPLI.
  1181 | D:1      | 1181 ||| DROPPING scroll of amnesia.
  1202 | D:2      | 1202 ||| Stepping ~*~*~tactically~*~*~ (stealth).
  1203 | D:2      | 1203 ||| Stepping ~*~*~tactically~*~*~ (stealth).
  1205 | D:2      | 1205 ||| Stepping ~*~*~tactically~*~*~ (stealth).
  1211 | D:2      | 1211 ||| Stepping ~*~*~tactically~*~*~ (stealth).
  1214 | D:2      | 1214 ||| Stepping ~*~*~tactically~*~*~ (stealth).
  1234 | D:2      | Reached ** piety under Trog
  1344 | D:2      | Reached skill level 4 in Axes
  1367 | D:2      | 1367 ||| INVOKING Berserk.
  1789 | D:2      | Reached XP level 4. HP: 22/28 MP: 4/4
  1958 | D:2      | 1958 ||| UPGRADING to +0 chain mail.
  1968 | D:2      | 1968 ||| DROPPING +0 animal skin.
  1969 | D:2      | 1969 ||| DRINKING 3 black potions.
  1970 | D:2      | 1970 ||| READING 2 scrolls of identify.
  1970 | D:2      | 1970 ||| IDENTIFYING cyan potion
  1971 | D:2      | 1971 ||| DROPPING potion of brilliance.
  2005 | D:3      | 2005 ||| Stepping ~*~*~tactically~*~*~ (hiding).
  2340 | D:3      | Reached skill level 5 in Axes
  2340 | D:3      | Reached XP level 5. HP: 32/32 MP: 5/5
  2348 | D:3      | Found a basalt altar of Yredelemnul.
  2620 | D:3      | Found a shimmering altar of Xom.
  2635 | D:3      | Reached XP level 6. HP: 32/39 MP: 4/6
  2738 | D:3      | Found a runed translucent door.
  2739 | D:3      | Noticed Crazy Yiuf
  2912 | D:3      | 2912 ||| READING scroll labelled YXEROBBUEN.
  2991 | D:4      | 2991 ||| Stepping ~*~*~tactically~*~*~ (stealth).
  2997 | D:4      | 2997 ||| Stepping ~*~*~tactically~*~*~ (stealth).
  3123 | D:4      | 3123 ||| Stepping ~*~*~tactically~*~*~ (stealth).
  3245 | D:4      | 3245 ||| Stepping ~*~*~tactically~*~*~ (hiding).
  3247 | D:4      | 3247 ||| Stepping ~*~*~tactically~*~*~ (hiding).
  3251 | D:4      | 3251 ||| INVOKING Berserk.
  3259 | D:4      | Reached skill level 6 in Axes
  3312 | D:4      | 3312 ||| FLEEEEING.
  3313 | D:4      | 3313 ||| FLEEEEING.
  3316 | D:4      | 3316 ||| FLEEEEING.
  3322 | D:4      | 3322 ||| FLEEEEING.
  3328 | D:4      | 3328 ||| FLEEEEING.
  3329 | D:4      | 3329 ||| FLEEEEING.
  3336 | D:4      | 3336 ||| FLEEEEING.
  3337 | D:4      | 3337 ||| FLEEEEING.
  3338 | D:4      | 3338 ||| FLEEEEING.
  3339 | D:4      | 3339 ||| FLEEEEING.
  3340 | D:4      | 3340 ||| FLEEEEING.
  3341 | D:4      | 3341 ||| STAIRDANCE
  3485 | D:4      | Found a staircase to the Ecumenical Temple.
  3521 | D:4      | Reached *** piety under Trog
  3561 | D:4      | 3561 ||| INVOKING Berserk.
  3564 | D:4      | Reached XP level 7. HP: 44/44 MP: 7/7
  3722 | D:4      | 3722 ||| Stepping ~*~*~tactically~*~*~ (stealth).
  3739 | D:4      | 3739 ||| Stepping ~*~*~tactically~*~*~ (hiding).
  3804 | D:4      | 3804 ||| Stepping ~*~*~tactically~*~*~ (stealth).
  3805 | D:4      | 3805 ||| Stepping ~*~*~tactically~*~*~ (stealth).
  3814 | D:4      | 3814 ||| Stepping ~*~*~tactically~*~*~ (stealth).
  3881 | D:4      | 3881 ||| Stepping ~*~*~tactically~*~*~ (hiding).
  3887 | D:4      | Noticed Robin
  3890 | D:4      | 3890 ||| Stepping ~*~*~tactically~*~*~ (hiding).
  3893 | D:4      | 3893 ||| Stepping ~*~*~tactically~*~*~ (hiding).
  3902 | D:4      | 3902 ||| INVOKING Berserk.
  3904 | D:4      | Killed Robin
  4590 | D:4      | 4590 ||| UPGRADING to +0 helmet.
  4595 | D:4      | 4595 ||| UPGRADING to amulet of the acrobat.
  4600 | D:4      | 4600 ||| READING scroll labelled IKHIGU TYESUACW.
  4601 | D:4      | 4601 ||| READING scroll labelled UXZEREN NICU.
  4602 | D:4      | 4602 ||| DRINKING 2 sapphire potions.
  4602 | D:4      | Gained mutation: You are frail. (-10% HP) [potion of
                  | mutation]
  4602 | D:4      | Gained mutation: You have very sharp teeth. [potion of
                  | mutation]
  4602 | D:4      | Gained mutation: Your flesh is cold resistant. (rC+)
                  | [potion of mutation]
  4603 | D:4      | 4603 ||| DRINKING potion of mutation.
  4603 | D:4      | Lost mutation: You are frail. (-10% HP) [potion of
                  | mutation]
  4603 | D:4      | Lost mutation: You have very sharp teeth. [potion of
                  | mutation]
  4603 | D:4      | Gained mutation: You are occasionally teleported next to
                  | monsters. [potion of mutation]
  4603 | D:4      | Gained mutation: You are somewhat resistant to further
                  | mutation. [potion of mutation]
  4679 | D:5      | Entered Level 5 of the Dungeon
  4701 | D:5      | 4701 ||| Stepping ~*~*~tactically~*~*~ (stealth).
  4751 | D:5      | 4751 ||| FLEEEEING.
  4752 | D:5      | 4752 ||| FLEEEEING.
  4753 | D:5      | 4753 ||| FLEEEEING.
  4756 | D:5      | 4756 ||| FLEEEEING.
  4757 | D:5      | 4757 ||| FLEEEEING.
  4758 | D:5      | 4758 ||| FLEEEEING.
  4759 | D:5      | 4759 ||| FLEEEEING.
  4762 | D:5      | 4762 ||| STAIRDANCE
  4813 | D:5      | 4813 ||| Stepping ~*~*~tactically~*~*~ (stealth).
  4817 | D:5      | 4817 ||| INVOKING Berserk.
  4968 | D:5      | 4968 ||| Stepping ~*~*~tactically~*~*~ (stealth).
  4973 | D:5      | Noticed Sigmund
  4978 | D:5      | 4978 ||| INVOKING Berserk.
  4989 | D:5      | Reached skill level 3 in Armour
  5022 | D:5      | Killed Sigmund
  5023 | D:5      | Reached skill level 7 in Axes
  5351 | D:5      | 5351 ||| DRINKING potion of mutation.
  5351 | D:5      | Lost mutation: You are somewhat resistant to further
                  | mutation. [potion of mutation]
  5351 | D:5      | Lost mutation: You are occasionally teleported next to
                  | monsters. [potion of mutation]
  5351 | D:5      | Lost mutation: Your flesh is cold resistant. (rC+) [potion
                  | of mutation]
  5351 | D:5      | Gained mutation: You have sharp fingernails. [potion of
                  | mutation]
  5351 | D:5      | Gained mutation: Your movements are slightly less
                  | encumbered by armour. (ER -2) [potion of mutation]
  5678 | D:5      | 5678 ||| Stepping ~*~*~tactically~*~*~ (hiding).
  5680 | D:5      | 5680 ||| Stepping ~*~*~tactically~*~*~ (hiding).
  5846 | D:5      | 5846 ||| INVOKING Berserk.
  5849 | D:5      | Reached XP level 8. HP: 49/49 MP: 8/8
  5990 | D:5      | 5990 ||| DRINKING 3 emerald potions.
  5991 | D:5      | 5991 ||| DRINKING 2 fuming green potions.
  5992 | D:5      | 5992 ||| DROPPING potion of magic.
  6037 | D:6      | Found a bloodstained altar of Trog.
  6050 | D:6      | 6050 ||| Stepping ~*~*~tactically~*~*~ (stealth).
  6051 | D:6      | 6051 ||| Stepping ~*~*~tactically~*~*~ (stealth).
  6056 | D:6      | 6056 ||| Stepping ~*~*~tactically~*~*~ (stealth).
  6160 | D:6      | 6160 ||| INVOKING Berserk.
  6166 | D:6      | Reached skill level 8 in Axes
  6346 | D:6      | 6346 ||| INVOKING Berserk.
  6587 | D:6      | Found Yzouwoxa's Weapon Shop.
  6590 | D:6      | Noticed Duvessa
  6591 | D:6      | Noticed Dowan
  6592 | D:6      | 6592 ||| Stepping ~*~*~tactically~*~*~ (stealth).
  6594 | D:6      | 6594 ||| INVOKING Berserk.
  6602 | D:6      | Killed Duvessa
  6603 | D:6      | Reached skill level 6 in Fighting
  6606 | D:6      | Killed Dowan
  6671 | D:6      | 6671 ||| BUYING +1 broad axe of electrocution (221 gold).
  6671 | D:6      | Bought a +1 broad axe of electrocution for 221 gold pieces
  6671 | D:6      | 6671 ||| SWAPPING to +1 broad axe of electrocution.
  6672 | D:6      | 6672 ||| DROPPING +0 hand axe of chaos.
  6687 | D:6      | Found an opulent altar of Gozag.
  6688 | D:6      | Found an opulent altar of Gozag.
  6691 | D:6      | Noticed Prince Ribbit
  6692 | D:6      | Found an opulent altar of Gozag.
  6696 | D:6      | 6696 ||| INVOKING Berserk.
  6705 | D:6      | Killed Prince Ribbit
  6789 | D:6      | Found an opulent altar of Gozag.
  6868 | D:6      | 6868 ||| FLEEEEING.
  6869 | D:6      | 6869 ||| FLEEEEING.
  6870 | D:6      | 6870 ||| FLEEEEING.
  6871 | D:6      | 6871 ||| FLEEEEING.
  6872 | D:6      | 6872 ||| FLEEEEING.
  6873 | D:6      | 6873 ||| FLEEEEING.
  6879 | D:6      | 6879 ||| FLEEEEING.
  6880 | D:6      | 6880 ||| FLEEEEING.
  6881 | D:6      | 6881 ||| FLEEEEING.
  6882 | D:6      | 6882 ||| FLEEEEING.
  6883 | D:6      | 6883 ||| FLEEEEING.
  6884 | D:6      | 6884 ||| FLEEEEING.
  6889 | D:6      | 6889 ||| FLEEEEING.
  6890 | D:6      | 6890 ||| FLEEEEING.
  6891 | D:6      | 6891 ||| FLEEEEING.
  6892 | D:6      | 6892 ||| FLEEEEING.
  6893 | D:6      | 6893 ||| FLEEEEING.
  6894 | D:6      | 6894 ||| FLEEEEING.
  6899 | D:6      | 6899 ||| FLEEEEING.
  6900 | D:6      | 6900 ||| FLEEEEING.
  6901 | D:6      | 6901 ||| FLEEEEING.
  6902 | D:6      | 6902 ||| FLEEEEING.
  6903 | D:6      | 6903 ||| FLEEEEING.
  6904 | D:6      | 6904 ||| FLEEEEING.
  6905 | D:6      | 6905 ||| FLEEEEING.
  6914 | D:6      | 6914 ||| INVOKING Berserk.
  7240 | D:6      | 7240 ||| DRINKING 2 red potions.
  7341 | D:6      | 7341 ||| DRINKING 2 lumpy blue potions.
  7342 | D:6      | 7342 ||| READING 2 scrolls of identify.
  7342 | D:6      | 7342 ||| IDENTIFYING glowing grey potion
  7343 | D:6      | 7343 ||| DROPPING potion of degeneration.
  7344 | D:6      | 7344 ||| DROPPING potion of ambrosia.
  7345 | D:6      | 7345 ||| DROPPING potion of flight.
  7375 | D:7      | Reached XP level 9. HP: 37/55 MP: 9/9
  7377 | D:7      | 7377 ||| INVOKING Berserk.
  7380 | D:7      | Reached skill level 9 in Axes
  7498 | D:7      | 7498 ||| Stepping ~*~*~tactically~*~*~ (stealth).
  7500 | D:7      | 7500 ||| Stepping ~*~*~tactically~*~*~ (stealth).
  7516 | D:7      | 7516 ||| INVOKING Berserk.
  7617 | D:7      | 7617 ||| DROPPING +0 flail.
  7665 | D:7      | 7665 ||| INVOKING Berserk.
  7668 | D:7      | Reached skill level 1 in Throwing
  7673 | D:7      | HP: 17/85 [wight/+0 trident of freezing (6)]
  7683 | D:7      | Noticed Menkaure
  7684 | D:7      | HP: 6/57 [centaur/+0 short sword (1)]
  7686 | D:7      | HP: 2/57 [something (1)]
  7686 | D:7      | Slain by a sky beast

Levels and vault maps discovered:
D:1:      evilmike_arrival_plus, layout_rooms, serial_aquarium,
          aquarium_bridge_long_joined [aquarium_subvault_wall,
          aquarium_subvault_bridge, aquarium_subvault_bridge,
          aquarium_subvault_wall, aquarium_subvault_balcony,
          aquarium_subvault_balcony], aquarium_window_fake, aquarium_window_1,
          aquarium_window_corner, aquarium_window_fake, aquarium_view_2a,
          aquarium_view_2g, aquarium_balcony_3a, aquarium_pool_S,
          chequers_mini_garden
D:2:      layout_rooms
D:3:      layout_loops_cross, led_xom_imps, yredelemnul_altar_generic,
          corexii_item_surrounded_by_moat, kennysheep_generic_room_14,
          uniq_crazy_yiuf_cottage
D:4:      layout_layer_cave, minmay_temple_entry_butterflies, uniq_robin
D:5:      layout_basic, uniq_sigmund
D:6:      layout_basic, nicolae_gozag_conspicuous_consumption,
          lemuel_doored_altar, serial_shops, nicolae_shop_bloodbath_and_beyond,
          uniq_prince_ribbit1, uniq_duvessa
D:7:      layout_rooms, nicolae_overflow_hidden_temple,
          nemelex_dance_club_becter, serial_corexii_hall,
          corexii_hall_statues_t, corexii_hall_statues_deadend,
          minmay_misc_feat_cross, uniq_menkaure

Skill      XL: |  1  2  3  4  5  6  7  8  9 |
---------------+----------------------------+-----
Axes           | 3 4 5 6 7 8 9 |  9.5
Fighting       | 4 5 6 7 |  7.2
Armour         | 3 5 |  5.1
Throwing       | 2 |  2.2
Dodging        | |  1.5

Action                   |  1- 3 |  4- 6 |  7- 9 || total
-------------------------+-------+-------+-------++-------
Melee: Hand axe          |   133 |   158 |   158 ||   449
       Punch             |       |     2 |     1 ||     3
       Broad axe         |       |       |    69 ||    69
Throw: Boomerang         |       |    17 |       ||    17
Invok: Berserk           |     2 |     2 |    12 ||    16
  Use: Scroll            |     5 |     2 |     3 ||    10
       Potion            |       |     1 |     7 ||     8
 Stab: Distracted        |     1 |       |       ||     1
       Invisible         |       |     3 |       ||     3
Armor: Animal skin       |    50 |       |       ||    50
       Chain mail        |       |    82 |    98 ||   180
Dodge: Dodged            |    58 |    69 |   109 ||   236

Table legend:
 A = Non-vault XP
 B = Vault XP
 C = Vault XP percentage of total XP
 D = Non-vault monster count
 E = Vault monster count
 F = Vault count percentage of total count
                 A         B        C        D         E       F
            +---------+---------+-------+---------+---------+-------
      Total |    2627 |     934 |  26.2 |     138 |      22 |  13.8
            +---------+---------+-------+---------+---------+-------
        D:1 |      39 |       0 |   0.0 |      25 |       0 |   0.0
        D:2 |      55 |       0 |   0.0 |      14 |       0 |   0.0
        D:3 |      83 |     197 |  70.4 |      18 |       6 |  25.0
        D:4 |     308 |      35 |  10.2 |      22 |      12 |  35.3
        D:5 |     362 |     226 |  38.4 |      19 |       1 |   5.0
        D:6 |     438 |     476 |  52.1 |      16 |       3 |  15.8
        D:7 |    1342 |       0 |   0.0 |      24 |       0 |   0.0
            +---------+---------+-------+---------+---------+-------
